 Dungeon Crawl Stone Soup version 0.28-a0-1524-ge72afd5fc6 (webtiles) character file.

Game seed: 4703760003323694774

83 YayAnonymity the Slasher (level 4, -11/33 HPs)
             Began as a Demonspawn Gladiator on Jan 18, 2022.
             Killed by divine providence
             ... invoked by an orc priest
              (14 damage)
             ... on level 3 of the Dungeon.
             The game lasted 00:04:20 (1500 turns).

YayAnonymity the Slasher (Demonspawn Gladiator)     Turns: 1500, Time: 00:04:21

Health: -11/33     AC:  5    Str: 16    XL:     4   Next: 22%
Magic:  4/4        EV: 10    Int:  9    God:
Gold:   85         SH:  4    Dex: 15    Spells: 3/3 levels left

rFire   . . .      SeeInvis .   a - +0 long sword
rCold   . . .      Faith    .   (no shield)
rNeg    . . .      Spirit   .   g - +0 leather armour
rPois   .          Reflect  .   c - +1 helmet
rElec   .          Harm     .   (no cloak)
rCorr   .          Rampage  .   (no gloves)
Will    .....                   (no boots)
Stlth   +.........              (no amulet)
HPRegen 0.11/turn               (no ring)
MPRegen 0.09/turn               (no ring)

@: constricted
A: large bone plates 1, demonic touch 1
a: no special abilities


You were on level 3 of the Dungeon.
You visited 1 branch of the dungeon, and saw 4 of its levels.

You collected 85 gold pieces.

Inventory:

Hand Weapons
 a - a +0 long sword (weapon)
 b - a +1 dagger of venom
Missiles
 d - 3 throwing nets (quivered)
 k - 28 stones
Armour
 c - a +1 helmet (worn)
 g - a +0 leather armour (worn)
Scrolls
 e - a scroll of identify
Potions
 f - 3 potions of curing


   Skills:
 - Level 2.0 Fighting
 * Level 4.1 Long Blades
 - Level 1.7 Throwing
 + Level 3.4 Dodging


You had 3 spell levels left.
You didn't know any spells.
Your spell library contained the following spells:

 Spells                   Type           Power      Damage    Failure   Level
 Ensorcelled Hibernation  Hex/Ice        0%         N/A       58%         2
 Spider Form              Tmut/Pois      0%         N/A       83%         3
 Anguish                  Hex/Necr       0%         N/A       99%         4


Dungeon Overview and Level Annotations

Branches:
Dungeon (4/15)
 Temple: D:4-7

Altars:

Shops:
D:1 *


Innate Abilities, Weirdness & Mutations

You are partially covered in large bone plates. (SH +4)
Your touch may inflict minor irresistible damage on your foes.


Message History

An orc comes into view. It is wielding a +0 trident.
The orc shouts!
You hear the slow rusting of a drain nearby.
The quokka barely misses you. You block the quokka's attack.
A ball python comes into view.
The quokka bites you but does no damage.
You slash the quokka!
You kill the quokka!
The ball python bites you. The ball python completely misses you.
The orc priest hits you with a +0 flail.
You see here a quokka corpse.
You hit the orc priest but do no damage.
Your touch misses the orc priest. The orc priest closely misses you.
The ball python bites you but does no damage.
The ball python barely misses you. The orc priest barely misses you.
The ball python closely misses you. The ball python grabs you.
The ball python constricts you.
The orc priest hits you but does no damage.
You barely miss the orc priest. The orc priest barely misses you.
A kobold comes into view. It is wielding a +0 short sword.
The ball python bites you. The ball python constricts you.
You block the orc's attack. The orc priest barely misses you.
The orc priest calls down the wrath of Beogh upon you.
Beogh smites you!
* * * LOW HITPOINT WARNING * * *
The kobold shouts!
You barely miss the orc priest. Your touch misses the orc priest.
The ball python bites you but does no damage.
The ball python constricts you. The orc hits you but does no damage.
The orc priest hits you with a staff of air.
* * * LOW HITPOINT WARNING * * *
The orc priest misses you. The ball python closely misses you.
The ball python constricts you.
* * * LOW HITPOINT WARNING * * *
You closely miss the orc priest. Your touch misses the orc priest.
The orc closely misses you.
The orc priest calls down the wrath of Beogh upon you.
Beogh smites you!
You die...

. #.# . .#.. ...
..#. ...##.##...
##.#.K.#.## .#
....).... #.
...###o#...#.###...
#.....##S##.....#
.. #.#...o.@o..#.#
####.
#.....#.#o....#
.....
###.#.#(#.#.#.#
...$# #...###...#
.##.# ###oo..[###
.##.## #..#.##
.#...#### #....#
........#####....#
.#...##.......####


You could see 2 orc priests, an orc, a ball python and a kobold.

Vanquished Creatures
  2 adders
  2 gnolls (D:2)
  2 worms (D:3)
  A dart slug (D:3)
  An orc (D:3)
  An endoplasm (D:3)
  A giant cockroach (D:4)
  2 goblins (D:1)
  4 hobgoblins
  3 jackals (D:1)
  3 quokkas
  7 ball pythons
  3 bats
  4 kobolds
  A rat (D:1)
37 creatures vanquished.

Notes
Turn   | Place    | Note
-------+----------+-------------------------------------------
     0 | D:1      | YayAnonymity the Demonspawn Gladiator began the quest for
                  | the Orb.
     0 | D:1      | Reached XP level 1. HP: 16/16 MP: 1/1
   117 | D:1      | Found a faded altar of an unknown god.
   153 | D:1      | Reached skill level 3 in Long Blades
   352 | D:1      | Gained mutation: Your touch may inflict minor irresistible
                  | damage on your foes. [demonic ancestry]
   352 | D:1      | Reached XP level 2. HP: 22/22 MP: 2/2
   670 | D:1      | Found Wytrueni's General Store.
  1056 | D:2      | Gained mutation: You are partially covered in large bone
                  | plates. (SH +4) [demonic ancestry]
  1056 | D:2      | Reached XP level 3. HP: 22/27 MP: 3/3
  1235 | D:2      | You fall into a shaft and drop 2 floors!
  1444 | D:3      | Reached skill level 4 in Long Blades
  1452 | D:3      | Reached XP level 4. HP: 24/33 MP: 4/4
  1500 | D:3      | Killed from afar by an orc priest

Illustrated notes

Levels and vault maps discovered:
D:1:      nzn_arrival_crosshair, layout_basic, shapermc_ecumenical_altar_gd,
          serial_shops, nicolae_shop_crystal, minmay_misc_feat_tower,
          hangedman_decor_opposing
D:2:      layout_basic, basic_altar, minmay_misc_feat_pillars, uniq_sigmund
D:3:      layout_loops_ring, lightli_sewer_entry_pipes, minmay_fractal_squares_5
D:4:      layout_cave_pools, grunt_gozag_breadcrumbs, minmay_misc_feat_enclosed,
          uniq_crazy_yiuf_cottage, uniq_natasha, uniq_pikel

Skill      XL: |  1  2  3 |
---------------+----------+-----
Long Blades    | 3 4 |  4.1
Dodging        | 3 |  3.4
Fighting       | |  2.0
Throwing       | |  1.7

Action                   |  1- 3 |  4- 6 || total
-------------------------+-------+-------++-------
Melee: Long sword        |    73 |     9 ||    82
       Touch             |    16 |     6 ||    22
       Dagger            |     9 |     4 ||    13
  Use: Scroll            |     4 |       ||     4
 Stab: Sleeping          |     1 |       ||     1
Armor: Leather armour    |    17 |     8 ||    25
Dodge: Dodged            |    42 |    13 ||    55
Block: Other             |     6 |     4 ||    10

Table legend: (Time is in decaauts)
 A = Elapsed time spent in this place.
 B = Non-inter-level travel time spent in this place.
 C = Inter-level travel time spent in this place.
 D = Time resting spent in this place.
 E = Time spent auto-exploring this place.
 F = Levels seen in this place.
 G = Mean time per level.
                   A        B        C        D        E       F      G
               +--------+--------+--------+--------+--------+-----+--------+
         Total |   1517 |   1420 |     97 |    161 |    674 |   4 |  379.2 |
       Dungeon |   1517 |   1420 |     97 |    161 |    674 |   4 |  379.2 |
               +--------+--------+--------+--------+--------+-----+--------+

Top non-repeatable levels by time:
     D:1: 857 daAuts
     D:2: 391 daAuts
     D:4: 153 daAuts
     D:3: 114 daAuts
